 Dungeon Crawl Stone Soup version 0.31-a0-232-gb1c03b2570 (webtiles) character file.

Game seed: 8270031810828732661

105 qw the Shooter (level 4, -1/37 HPs)
             Began as a Minotaur Hexslinger on July 7, 2023.
             Slain by an orc wizard
             ... wielding a +0 dagger
              (2 damage)
             ... on level 3 of the Dungeon.
             The game lasted 00:00:40 (1474 turns).

qw the Shooter (Minotaur Hexslinger)                Turns: 1474, Time: 00:00:41

Health: -1/37      AC:  3    Str: 13    XL:     4   Next: 54%
Magic:  4/4        EV: 12    Int: 10    God:
Gold:   169        SH:  0    Dex: 14    Spells: 4/5 levels left

rFire   . . .        Y - +2 sling (freeze)
rCold   . . .        (no shield)
rNeg    . . .        i - +0 leather armour
rPois   .            (helmet restricted)
rElec   .            (no cloak)
rCorr   .            (no gloves)
SInv    .            (no boots)
Will    .....        f - amulet of faith
Stlth   +            (no ring)
HPRegen 0.26/turn    (no ring)
MPRegen 0.09/turn

%: faith
@: confused
A: horns 2, retaliatory headbutt
a: no special abilities


You were on level 3 of the Dungeon.
You visited 1 branch of the dungeon, and saw 3 of its levels.

You collected 169 gold pieces.


Innate Abilities, Weirdness & Mutations

You have a pair of horns on your head.
You reflexively headbutt those who attack you in melee.


   Skills:
 + Level 2.3 Fighting
 - Level 5.0 Ranged Weapons
 - Level 2.1 Dodging
 - Level 1.0 Spellcasting
 - Level 2.0 Hexes


You had 4 spell levels left.
You knew the following spells:

 Your Spells              Type           Power      Damage    Failure   Level
a - Slow                  Hex            16%        N/A       19%         1

Your spell library contained the following spells:

 Spells                   Type           Power      Damage    Failure   Level
 Inner Flame              Hex/Fire       2%         N/A       65%         3
 Portal Projectile        Hex/Tloc       4%         N/A       65%         3
 Cause Fear               Hex            2%         N/A       88%         4

Inventory:

Hand Weapons
 Y - a +2 sling of freezing (weapon)
Armour
 i - a +0 leather armour (worn)
Jewellery
 a - a +4 ring of slaying {mikee}
 f - an amulet of faith (around neck)
Scrolls
 e - 2 scrolls of identify
Potions
 b - a potion of lignification {unknown}
 c - a potion of enlightenment {unknown}
 g - a potion of haste {unknown}

Dungeon Overview and Level Annotations

Branches:
Dungeon (3/15)

Altars:
Trog


Message History

Something completely misses you. The orc hits you with a +0 whip.
You shoot a sling bullet.
The sling bullet hits the orc but does no damage.
The orc is almost dead.
Something hits you. The orc barely misses you. The orc hits you with a +0 whip.
Something hits you but does no damage.
You shoot a sling bullet.
The sling bullet hits the orc but does no damage.
The orc is almost dead.
Something hits you. The orc hits you but does no damage.
You shoot a sling bullet. The sling bullet hits the orc.
You kill the orc!
Something hits you.
You shoot a sling bullet. Something hits you.
You shoot a sling bullet. Something hits you but does no damage.
You shoot a sling bullet. Something hits you but does no damage.
Something hits you.
You shoot a sling bullet. Something hits you.
You shoot a sling bullet. Something hits you.
You shoot a sling bullet.
You hear some strange, mumbled words.
You are confused.
You shoot a sling bullet. Something hits you.
You hear some strange, mumbled words.
You are more confused.
You shoot a sling bullet.
You hear some strange, mumbled words.
You are more confused.
You shoot a sling bullet.
You hear some strange, mumbled words.
A puff of flame appears from out of thin air!
The puff of flame hits you!
You shoot a sling bullet. Something hits you.
You die...

###### #....# #....#
#########....#####
.......#......#...
....).{@......'..
......)#......#. #########)...##
#.(..# #....#
##################'(############
~~~~~~~~~~~~~~~~~(...~~~~~~~~~~~
~~~~~~~~~~~~~~~~......~~~~~~~~~~
~~~~~~~~~~~~~~~~~....~~~~~~~~~~~


There were no monsters in sight!

Vanquished Creatures
  Terence (D:3)
  2 adders
  A worm (D:2)
  A dart slug (D:1)
  4 orcs (D:3)
  4 endoplasms
  4 goblins
  4 hobgoblins
  10 kobolds
  A quokka (D:1)
  6 ball pythons
  5 bats
  6 frilled lizards
  5 rats
54 creatures vanquished.

Notes
Turn   | Place    | Note
-------+----------+-------------------------------------------
     0 | D:1      | qw the Minotaur Hexslinger began the quest for the Orb.
     0 | D:1      | Reached XP level 1. HP: 16/16 MP: 1/1
     0 | D:1      | 0 ||| qw: Version: 0.3-a-46-gb1f654a
     0 | D:1      | 0 ||| qw: Game counter: 2921
     0 | D:1      | 0 ||| qw: Melee chars always use a shield: true
     0 | D:1      | 0 ||| qw: God list: Okawaru
     0 | D:1      | 0 ||| qw: Allow faded altars: false
     0 | D:1      | 0 ||| qw: Do Orc after clearing Dungeon:15 true
     0 | D:1      | 0 ||| qw: Do second Lair branch before Depths: true
     0 | D:1      | 0 ||| qw: Lair rune preference: random
     0 | D:1      | 0 ||| qw: Goals: Normal
     0 | D:1      | 0 ||| PLANNING D:1-11
   212 | D:1      | Reached skill level 3 in Ranged Weapons
   213 | D:1      | Reached XP level 2. HP: 23/23 MP: 2/2
   504 | D:1      | 504 ||| UPGRADING to +0 leather armour.
   514 | D:1      | 514 ||| DROPPING +0 robe.
   515 | D:1      | 515 ||| UPGRADING to amulet of faith.
   520 | D:1      | 520 ||| READING scroll labelled CIGIAC OVVAR.
   521 | D:1      | 521 ||| READING 2 scrolls labelled HEKHLU JEPHAH.
   522 | D:1      | 522 ||| READING scroll labelled ATHRAHY JOLY.
   523 | D:1      | 523 ||| DROPPING scroll of poison.
   540 | D:2      | 540 ||| STAIRDANCE
   544 | D:2      | 544 ||| STAIRDANCE
   548 | D:1      | Reached XP level 3. HP: 12/29 MP: 3/3
   683 | D:2      | Reached skill level 4 in Ranged Weapons
  1001 | D:2      | 1001 ||| READING scroll labelled YSHRAODO DYJICS.
  1053 | D:2      | 1053 ||| READING scroll labelled TONAOCHOEFI.
  1054 | D:2      | 1054 ||| READING scroll labelled RERCHI MUBIUCVAUWK.
  1125 | D:3      | Found a bloodstained altar of Trog.
  1208 | D:3      | Noticed Terence
  1221 | D:3      | HP: 5/29 [Terence/+0 short sword (3)]
  1224 | D:3      | Killed Terence
  1225 | D:3      | Reached XP level 4. HP: 5/36 MP: 4/4
  1434 | D:3      | Reached skill level 5 in Ranged Weapons
  1469 | D:3      | HP: 9/37 [something (3)]
  1473 | D:3      | HP: 1/37 [something/puff of flame (7)]
  1474 | D:3      | Slain by an orc wizard

Levels and vault maps discovered:
D:1:      ebering_trefoil_twist, layout_basic
D:2:      layout_rooms
D:3:      minmay_goblin_kobold_castle, layout_rooms, amcnicky_altar_gilded,
          mainiacjoe_overflow_brackets, mainiacjoe_overflow_alcove_4,
          uniq_terence

Skill      XL: |  1  2  3  4 |
---------------+-------------+-----
Ranged Weapons | 3 4 5 |  5.0
Fighting       | 2 |  2.3
Dodging        | |  2.1
Spellcasting   | |  1.0
Hexes          | |  2.0

Action                     |  1- 3 |  4- 6 || total
---------------------------+-------+-------++-------
   Fire: Sling             |   114 |    53 ||   167
    Use: Scroll            |     6 |       ||     6
 Armour: Robe              |     1 |       ||     1
         Leather armour    |     3 |     6 ||     9
  Dodge: Dodged            |    32 |    13 ||    45

Table legend:
 A = Non-vault XP
 B = Vault XP
 C = Vault XP percentage of total XP
 D = Non-vault monster count
 E = Vault monster count
 F = Vault count percentage of total count
                 A         B        C        D         E       F
            +---------+---------+-------+---------+---------+-------
      Total |     104 |      47 |  31.1 |      46 |       8 |  14.8
            +---------+---------+-------+---------+---------+-------
        D:1 |      52 |       0 |   0.0 |      24 |       0 |   0.0
        D:2 |      37 |       0 |   0.0 |      15 |       0 |   0.0
        D:3 |      15 |      47 |  75.8 |       7 |       8 |  53.3
            +---------+---------+-------+---------+---------+-------
